 Dungeon Crawl Stone Soup version 0.23-a0-473-gc8aadda (webtiles) character file.

104 Amnesiac the Digger (level 4, 18/18 HPs)
             Began as a Felid Earth Elementalist on Nov 27, 2018.
             Quit the game in a sewer.
             The game lasted 00:03:49 (1369 turns).

Amnesiac the Digger (Felid Earth Elementalist)      Turns: 1369, Time: 00:03:50

Health: 18/18      AC:  1    Str:  4    XL:     4   Next: 52%
Magic:  9/9        EV: 19    Int: 18    God:
Gold:   42         SH:  0    Dex: 16    Spells: 6/9 levels left
                                        Lives:  0   Deaths: 1

rFire    . . .     SeeInvis +   (weapon unavailable)
rCold    . . .     Gourm    .   (shield unavailable)
rNeg     . . .     Faith    .   (armour unavailable)
rPois    .         Spirit   .   (helmet unavailable)
rElec    .         Reflect  .   (cloak unavailable)
rCorr    .         Harm     .   (gloves unavailable)
MR       .....                  (boots unavailable)
Stlth    +++.......             (no amulet)
HPRegen  0.06/turn              (no ring)
MPRegen  0.11/turn              (no ring)

@: quick
A: very small, no armour, no weapons or thrown items, stealth, claws 1, fangs 3,
see invisible, carnivore, speed 1, shaggy fur 1, slow metabolism 1, sharp paws
a: no special abilities


You were in a sewer.
You were not hungry.

You visited 1 branch of the dungeon, and saw 5 of its levels.
You also visited: Sewer.

You collected 42 gold pieces.

Inventory:

Missiles
 b - 28 stones
Scrolls
 d - 2 scrolls of remove curse {!r}
 g - a scroll of teleportation {!r, unknown}
 n - a scroll of fear {!r}
Potions
 a - a potion of degeneration {!q, unknown}
 h - a potion of haste {!q, unknown}
 i - a potion of magic {!q, unknown}
 j - 2 potions of curing {!q}
 l - a potion of cancellation {!q, unknown}
 m - a potion of berserk rage {!q}
Comestibles
 c - 3 rations
 k - 6 chunks of flesh


   Skills:
 + Level 3.5 Dodging
 - Level 4.0 Stealth
 + Level 3.1 Spellcasting
 - Level 1.1 Transmutations
 * Level 4.4 Earth Magic


You had 6 spell levels left.
You knew the following spells:

 Your Spells              Type           Power        Failure   Level  Hunger
a - Sandblast             Erth           ###...       2%          1    None
b - Passwall              Tmut/Erth      ##......     8%          2    ##.....

Your spell library contained the following spells:

 Spells                   Type           Power        Failure   Level  Hunger
 Stone Arrow              Conj/Erth      ##....       19%         3    ###....
 Petrify                  Tmut/Erth      ##......     45%         4    ####...
 Lee's Rapid Deconstruct  Erth           ###.......   56%         5    ######.


Dungeon Overview and Level Annotations

Branches:
Dungeon (5/15)
 Temple: D:4-7

Altars:
Zin

Annotations:
D:5 Prince Ribbit Sewer Purgy


Innate Abilities, Weirdness & Mutations

You cannot wear armour.
You are incapable of wielding weapons or throwing items.
Your paws allow you to move quietly. (Stealth)
You have sharp claws.
You have razor-sharp teeth.
You have supernaturally acute eyesight. (SInv)
You are carnivorous and can eat meat at any time.
You cover ground quickly.
You are covered in fur. (AC +1)
You have a slow metabolism.
Your sharp claws are effective at attacking unaware monsters.


Message History

Aiming: Sandblast (safe; 2% risk of failure)
Press: ? - help, Shift-Dir - straight line, f/p - Purgy
Aim: Purgy (purple smoke, heavily wounded)
You miscast Sandblast.
You are very lightly contaminated with residual magic.
Nothing appears to happen.
Purgy completely misses you. Purgy misses you. Purgy claws you.
Unknown command.
Casting: Sandblast (safe; 2% risk of failure)
Confirm with . or Enter, or press ? or * to list all spells.
Aiming: Sandblast (safe; 2% risk of failure)
Press: ? - help, Shift-Dir - straight line, f/p - Purgy
Aim: Purgy (purple smoke, moderately wounded)
The blast of sand misses Purgy.
b - 31 stones Purgy closely misses you.
Purgy claws you. Purgy barely misses you.
Unknown command.
Casting: Sandblast (safe; 2% risk of failure)
Confirm with . or Enter, or press ? or * to list all spells.
Aiming: Sandblast (safe; 2% risk of failure)
Press: ? - help, Shift-Dir - straight line, f/p - Purgy
Aim: Purgy (purple smoke, moderately wounded)
You miscast Sandblast.
You feel a surge of energy from the ground.
Purgy misses you. x2; Purgy closely misses you.
Unknown command.
Casting: Sandblast (safe; 2% risk of failure)
Confirm with . or Enter, or press ? or * to list all spells.
Aiming: Sandblast (safe; 2% risk of failure)
Press: ? - help, Shift-Dir - straight line, f/p - Purgy
Aim: Purgy (moderately wounded)
The blast of sand hits Purgy.
Purgy is moderately wounded.
b - 30 stones Purgy misses you.
Purgy closely misses you. x2
Unknown command.
Casting: Sandblast (safe; 2% risk of failure)
Confirm with . or Enter, or press ? or * to list all spells.
Aiming: Sandblast (safe; 2% risk of failure)
Press: ? - help, Shift-Dir - straight line, f/p - Purgy
Aim: Purgy (moderately wounded)
The blast of sand hits Purgy.
Purgy is severely wounded.
b - 29 stones Purgy bites you!
* * * LOW HITPOINT WARNING * * *
Purgy claws you.
* * * LOW HITPOINT WARNING * * *
Purgy barely misses you.
Unknown command.
Casting: Sandblast (safe; 2% risk of failure)
Confirm with . or Enter, or press ? or * to list all spells.
Aiming: Sandblast (safe; 2% risk of failure)
Press: ? - help, Shift-Dir - straight line, f/p - Purgy
Aim: Purgy (severely wounded)
The blast of sand hits Purgy.
Purgy is almost dead.
b - 28 stones Purgy bites you!
You die...
Purgy closely misses you. Purgy misses you.
You are now level 4!
You rejoin the land of the living...
Are you sure you want to abandon this character and quit the game? (Confirm

# #......### ##≈##.
#: ###...≈..≈≈≈.###
#.≈.#.
}≈##...≈≈####.≈.≈.###
#.≈.)÷ ###≈≈...
###.....###≈≈.÷.
#...≈..##
##≈≈.≈≈..≈≈.##
#≈..≈§###
###.≈.≈.###.≈...
#.T§§§####≈.≈≈.###
#.≈...
###§§§§≈.≈≈..###
#.≈.#. ###§§§@..###
##≈##. ######## #≈###
#≈# ###


There were no monsters in sight!

Vanquished Creatures
  A centaur (D:5)
  A hound (D:5)
  A jelly (D:5)
  A worker ant (D:5)
  An adder (D:5)
  3 worms (D:5)
  3 leopard geckos
  An orc (D:5)
  2 jackals (Sewer)
  A quokka (D:5)
  3 ball pythons
  2 bats (D:1)
  A frilled lizard (D:1)
  A giant cockroach zombie (D:5)
  A jackal skeleton (D:5)
  8 kobolds
  A leopard gecko skeleton (D:5)
32 creatures vanquished.

Notes
Turn   | Place    | Note
-------+----------+-------------------------------------------
     0 | D:1      | Amnesiac the Felid Earth Elementalist began the quest for
                  | the Orb.
     0 | D:1      | Reached XP level 1. HP: 7/7 MP: 4/4
   573 | D:2      | Reached XP level 2. HP: 11/11 MP: 3/6
   581 | D:2      | Learned a level 2 spell: Passwall
   637 | D:3      | Found a faded altar of an unknown god.
   726 | D:5      | Entered Level 5 of the Dungeon
   726 | D:5      | Noticed a centaur
   732 | D:5      | Killed a centaur
   732 | D:5      | Reached XP level 3. HP: 1/14 MP: 0/8
   732 | D:5      | Reached XP level 4. HP: 2/18 MP: 0/9
   789 | D:5      | Found a glowing silver altar of Zin.
   852 | D:5      | Noticed Prince Ribbit
   936 | D:5      | Reached XP level 5. HP: 7/21 MP: 5/10
  1211 | D:5      | Found a glowing drain.
  1267 | Sewer    | Entered a sewer
  1351 | Sewer    | Noticed Purgy
  1368 | Sewer    | Slain by Purgy
  1369 | Sewer    | Reached XP level 4. HP: -3/18 MP: 1/9
  1369 | Sewer    | Quit the game

Vault maps used:
D:1:      sevenhm_arrival_forest_fort_large_1
D:3:      kennysheep_six_static_rooms, chequers_ecumenical_altar_island
D:4:      kennysheep_little_box, minmay_temple_entry_antechambers, first_ration,
          serial_shops, shop, saegor_snake_ambush
D:5:      basic_altar, gup_sewer_entry_bubbles, uniq_prince_ribbit1
Sewer:    sewer_the_crocodile

Skill      XL: |  1  2  3  4  5 |
---------------+----------------+-----
Stealth        | 3 4 |  4.0
Earth Magic    | 3 4 |  4.4
Dodging        | 3 |  3.5
Spellcasting   | 3 |  3.1
Transmutations | |  1.1

Action                   |  1- 3 |  4- 6 || total
-------------------------+-------+-------++-------
Melee: Unarmed           |     6 |     5 ||    11
       Bite              |     2 |       ||     2
 Cast: Sandblast         |    18 |    40 ||    58
       Passwall          |       |     1 ||     1
  Use: Scroll            |       |     4 ||     4
       Potion            |       |     1 ||     1
 Stab: Sleeping          |     1 |     4 ||     5
  Eat: Chunk             |     2 |     6 ||     8
Armor: Skin              |     2 |       ||     2
Dodge: Dodged            |    21 |    41 ||    62

Table legend:
 A = Non-vault XP
 B = Vault XP
 C = Vault XP percentage of total XP
 D = Non-vault monster count
 E = Vault monster count
 F = Vault count percentage of total count
                 A         B        C        D         E       F
            +---------+---------+-------+---------+---------+-------
      Total |     248 |      46 |  15.6 |      18 |      14 |  43.8
            +---------+---------+-------+---------+---------+-------
        D:1 |       4 |       3 |  42.9 |       3 |       3 |  50.0
        D:2 |       9 |       0 |   0.0 |       5 |       0 |   0.0
        D:3 |       1 |       0 |   0.0 |       1 |       0 |   0.0
        D:5 |     234 |      34 |  12.7 |       9 |       6 |  40.0
      Sewer |       0 |       9 | 100.0 |       0 |       5 | 100.0
            +---------+---------+-------+---------+---------+-------
